 Dungeon Crawl Stone Soup version 0.30-a0-1103-g25895a7845 (webtiles) character file.

Game seed: 3359683620217145827

2019 fortdeath9 the Cleaver (level 9, -1/79 HPs)
             Began as a Minotaur Fighter on Apr 19, 2023.
             Was a Follower of Okawaru.
             Slain by a black bear (2 damage)
             ... on level 6 of the Dungeon.
             The game lasted 00:21:48 (5477 turns).

fortdeath9 the Cleaver (Minotaur Fighter)           Turns: 5477, Time: 00:21:49

Health: -1/79      AC: 13    Str: 26    XL:     9   Next: 3%
Magic:  10/10      EV:  7    Int:  5    God:    Okawaru [*.....]
Gold:   228        SH:  9    Dex:  9    Spells: 8/8 levels left

rFire   . . .      SeeInvis .    a - +0 war axe
rCold   + . .      Faith    .    e - +0 kite shield
rNeg    . . .      Spirit   .    k - +0 chain mail
rPois   +          Reflect  .    (helmet restricted)
rElec   .          Rampage  .    s - +0 cloak
rCorr   +                        (no gloves)
Will    .....                    (no boots) Stlth
                                 (no amulet)
HPRegen 0.33/turn                w - ring of protection from cold
MPRegen 0.12/turn                c - ring of resist corrosion

@: no status effects
A: horns 2, retaliatory headbutt, fangs 1, iridescent scales 1, poison
resistance, MP-powered wands
a: Renounce Religion, Heroism


You were on level 6 of the Dungeon.
You worshipped Okawaru.
Okawaru was aware of your devotion.
You visited 2 branches of the dungeon, and saw 7 of its levels.

You collected 228 gold pieces.

Inventory:

Hand Weapons
 a - a +0 war axe (weapon)
 q - a +0 sling
Missiles
 f - 13 stones
 l - 2 javelins
Armour
 e - a +0 kite shield (worn)
 k - a +0 chain mail (worn)
 s - a +0 cloak (worn)
Jewellery
 c - a ring of resist corrosion (right hand)
 w - a ring of protection from cold (left hand)
Wands
 n - a wand of charming (7) (quivered)
Scrolls
 b - a scroll of enchant weapon
 g - a scroll of magic mapping
 h - a scroll of butterflies
 i - 2 scrolls of noise
 j - 6 scrolls of teleportation
 o - a scroll of vulnerability
 v - a scroll of identify


   Skills:
 + Level 7.0 Fighting
 * Level 8.9 Axes
 - Level 1.0 Throwing
 + Level 6.9 Armour
 + Level 7.0 Shields
 + Level 3.2 Invocations


You had 8 spell levels left.
You didn't know any spells.
Your spell library contained the following spells:

 Spells                   Type           Power      Damage    Failure   Level
 Ozocubu's Armour         Ice            0%         N/A       100%        3
 Ozocubu's Refrigeration  Ice            0%         4d7       100%        7


Dungeon Overview and Level Annotations

Branches:
Dungeon (6/15)             Temple (1/1) D:4

Altars:
Ashenzari
Hepliaklqana
Makhleb
Nemelex Xobeh
Okawaru
Qazlal
Ru
Vehumet
Wu Jian
Xom
Yredelemnul
Zin

Shops:
D:5 :


Innate Abilities, Weirdness & Mutations

You have a pair of horns on your head.
You reflexively headbutt those who attack you in melee.
You have very sharp teeth.
You are partially covered in iridescent scales. (AC +2)
Your system is resistant to poisons. (rPois)
You expend magic power (3 MP) to strengthen your wands.


Message History

You slash the howler monkey!
The howler monkey is heavily wounded.
The howler monkey hits you but does no damage.
You block the gnoll's attack. You block the howler monkey's attack.
You slash the howler monkey!
The howler monkey is almost dead.
The gnoll hits you from afar with a +0 spear.
* * * LOW HITPOINT WARNING * * *
The howler monkey hoots and howls with incredible vigour!
The gnoll hits you but does no damage.
You slash the howler monkey!
You kill the howler monkey!
Okawaru accepts your kill. You block the gnoll's attack.
It was a potion of cancellation.
Your magical effects are unravelling.
You feel magically purged.
You feel a little less mighty now.
You feel a little less clever now. You block the black bear's attack.
The black bear claws you but does no damage.
You block the black bear's attack.
The gnoll hits you from afar with a +0 spear.
* * * LOW HITPOINT WARNING * * *
You closely miss the black bear.
The black bear bites you but does no damage.
The black bear claws you.
* * * LOW HITPOINT WARNING * * *
The black bear barely misses you. You block the gnoll's attack.
You hit the black bear. You headbutt the black bear!
You bite the black bear, but do no damage.
The black bear is heavily wounded.
The black bear closely misses you. You furiously retaliate!
You headbutt the black bear!
The black bear claws you but does no damage.
You block the black bear's attack. The gnoll hits you but does no damage.
The black bear completely misses you. You furiously retaliate!
You headbutt the black bear.
The black bear claws you but does no damage.
The black bear claws you.
You die...

...~.. ..≈...#
..~..~.
..~..##
####...#
[8.##..## #
...##..# ##
#D.##÷########
#.
#..#.Yh@....#
## #≈....
#.##g#####.##
.!#Sc# #..h.#
#..### ..#.5#
#..#^# ##...#


≈gs.o ##†##.# ###.##### # ≈≈.##..#..# #.#...## ## ..####.#..##.## #......# #.
#$..?.s..## . #.###†.# #. #.8..8.## .# ### ##.# #. You could see a black bear,
an ice beast, a hound and a gnoll.

Vanquished Creatures
  Sigmund (D:6)
  Eustachio (D:6)
  A steam dragon (D:6)
  A water moccasin (D:6)
  An orc warrior (D:5)
  A black bear (D:6)
  A sky beast (D:6)
  An ogre (D:5)
  A centaur (D:6)
  A bullfrog (D:6)
  6 scorpions
  A howler monkey (D:6)
  A crimson imp (D:4)
  A jelly (D:4)
  An orc priest (D:6)
  A hound (D:6)
  Crazy Yiuf (D:5)
  A sleepcap (D:6)
  4 iguanas
  An orc wizard (D:6)
  4 gnolls (D:4)
  11 adders
  A shadow imp (D:5)
  2 white imps (D:6)
  3 ufetubi
  3 worms
  5 dart slugs
  5 orcs
  6 endoplasms
  3 giant cockroaches
  6 goblins
  9 hobgoblins
  2 jackals (D:3)
  2 quokkas
  7 ball pythons
  2 bats
  4 frilled lizards
  4 kobolds
  3 rats
110 creatures vanquished.

Vanquished Creatures (collateral kills)
  An endoplasm (D:4)
1 creature vanquished.

Vanquished Creatures (others)
  An angel (D:5)
1 creature vanquished.

Grand Total: 112 creatures vanquished

Notes
Turn   | Place    | Note
-------+----------+-------------------------------------------
     0 | D:1      | fortdeath9 the Minotaur Fighter began the quest for the
                  | Orb.
     0 | D:1      | Reached XP level 1. HP: 19/19 MP: 0/0
   166 | D:1      | Reached XP level 2. HP: 27/27 MP: 1/1
   473 | D:1      | Reached skill level 3 in Axes
   682 | D:2      | Found a broken altar of Ashenzari.
   697 | D:2      | Reached XP level 3. HP: 23/33 MP: 2/2
  1231 | D:2      | Reached XP level 4. HP: 39/40 MP: 3/3
  1628 | D:3      | Found an ornate altar of the Wu Jian Council.
  1839 | D:3      | Gained mutation: You do not regenerate when monsters are
                  | visible. [potion of mutation]
  1839 | D:3      | Gained mutation: You are robust. (+10% HP) [potion of
                  | mutation]
  1840 | D:3      | Lost mutation: You do not regenerate when monsters are
                  | visible. [potion of mutation]
  1840 | D:3      | Lost mutation: You are robust. (+10% HP) [potion of
                  | mutation]
  1840 | D:3      | Gained mutation: You are partially covered in iridescent
                  | scales. (AC +2) [potion of mutation]
  1840 | D:3      | Gained mutation: You are agile. (Dex +4, Str/Int -1)
                  | [potion of mutation]
  1841 | D:3      | Lost mutation: You are partially covered in iridescent
                  | scales. (AC +2) [potion of mutation]
  1841 | D:3      | Lost mutation: You are agile. (Dex +4, Str/Int -1) [potion
                  | of mutation]
  1841 | D:3      | Gained mutation: Your system is resistant to poisons.
                  | (rPois) [potion of mutation]
  1841 | D:3      | Gained mutation: You expend magic power (3 MP) to
                  | strengthen your wands. [potion of mutation]
  1841 | D:3      | Gained mutation: You are partially covered in iridescent
                  | scales. (AC +2) [potion of mutation]
  1841 | D:3      | Gained mutation: You have very sharp teeth. [potion of
                  | mutation]
  2138 | D:3      | Reached skill level 4 in Axes
  2215 | D:4      | Found a broken altar of Ashenzari.
  2250 | D:4      | Reached XP level 5. HP: 47/47 MP: 4/4
  2407 | D:4      | Found a radiant altar of Vehumet.
  2407 | D:4      | Found a burning altar of Makhleb.
  2610 | D:4      | Reached skill level 5 in Axes
  2610 | D:4      | Reached skill level 5 in Shields
  2610 | D:4      | Reached XP level 6. HP: 44/55 MP: 5/5
  2712 | D:4      | Identified the +4 scimitar "Beastslayer" {venom, *Rage
                  | Dex+4}
  2745 | D:4      | Identified the +2 falchion of the Distant Future {vamp, rF+
                  | Dex+4}
  2754 | D:4      | Found a staircase to the Ecumenical Temple.
  2768 | Temple   | Entered the Ecumenical Temple
  2874 | D:4      | Reached skill level 5 in Fighting
  2874 | D:4      | Reached skill level 5 in Armour
  3263 | D:5      | Entered Level 5 of the Dungeon
  3285 | D:5      | Reached skill level 6 in Axes
  3295 | D:5      | Reached XP level 7. HP: 61/61 MP: 6/6
  3316 | D:5      | Found Siggire's Book Emporium.
  3363 | D:5      | Noticed an angel
  3364 | D:5      | Found a glowing silver altar of Zin.
  3364 | D:5      | Found a shimmering altar of Xom.
  3535 | D:5      | Found a hazy altar of Hepliaklqana.
  3553 | D:5      | Reached skill level 1 in Throwing
  3752 | D:5      | Found a faded altar of an unknown god.
  4020 | D:5      | Found an iron altar of Okawaru.
  4020 | D:5      | Found a sparkling altar of Nemelex Xobeh.
  4020 | D:5      | Found a basalt altar of Yredelemnul.
  4027 | D:5      | Became a worshipper of Warmaster Okawaru
  4267 | D:5      | Found a runed translucent door.
  4268 | D:5      | Noticed Crazy Yiuf
  4276 | D:5      | Killed Crazy Yiuf
  4361 | D:5      | Killed an angel
  4415 | D:6      | Found a stormy altar of Qazlal.
  4417 | D:6      | Noticed Eustachio
  4436 | D:6      | Noticed Sigmund
  4452 | D:6      | Killed Eustachio
  4453 | D:6      | Reached skill level 7 in Axes
  4453 | D:6      | Reached skill level 1 in Invocations
  4457 | D:6      | Killed Sigmund
  4458 | D:6      | Reached XP level 8. HP: 63/70 MP: 6/8
  5132 | D:6      | Reached * piety under Okawaru
  5172 | D:6      | Reached skill level 8 in Axes
  5469 | D:6      | Reached XP level 9. HP: 6/79 MP: 10/10
  5475 | D:6      | HP: 2/79 [gnoll/+0 spear (5)]
  5477 | D:6      | Slain by a black bear

Illustrated notes

Levels and vault maps discovered:
D:1:      reono_arrival_mine, layout_basic, st_stairs_14, minmay_box_of_dots
D:2:      layout_loops_ring, basic_altar, kennysheep_pointless_box, st_stairs_2,
          minmay_goblin_outpost
D:3:      layout_loops_cross, nzn_wu_jian_contemplation
D:4:      layout_loops_ring, grunt_temple_overflow_lords_of_destruction,
          mainiacjoe_overflow_six_doors_small,
          minmay_temple_entry_statues_pillars
D:5:      layout_loops_ring, grunt_temple_overflow_order_and_chaos_1,
          beargit_hepliaklqana_dungeon_heroes, gammafunk_temple_overflow_claw,
          serial_shops, shop, uniq_crazy_yiuf_cottage
D:6:      layout_layer_cave, mainiacjoe_overflow_cross_hatched, nzn_random_ring,
          uniq_sigmund, uniq_eustachio
Temple:   ebering_the_one_and_only

Skill      XL: |  1  2  3  4  5  6  7  8 |
---------------+-------------------------+-----
Axes           | 3 4 5 6 7 8 |  8.9
Shields        | 4 5 6 7 |  7.0
Armour         | 4 5 6 |  6.9
Fighting       | 4 5 6 7 |  7.0
Throwing       | 1 |  1.0
Invocations    | 1 3 |  3.2

Action                     |  1- 3 |  4- 6 |  7- 9 || total
---------------------------+-------+-------+-------++-------
  Melee: War axe           |    65 |   121 |   175 ||   361
         Headbutt          |    10 |    15 |    29 ||    54
         Bite              |       |     5 |    15 ||    20
   Fire: Sling             |       |       |     5 ||     5
  Throw: Stone             |     6 |    35 |     2 ||    43
  Evoke: Wand              |       |     2 |       ||     2
    Use: Scroll            |       |     7 |       ||     7
         Potion            |       |     3 |     8 ||    11
 Armour: Scale mail        |    26 |       |       ||    26
         Chain mail        |       |    60 |   138 ||   198
         Skin              |       |       |     1 ||     1
  Dodge: Dodged            |    36 |    51 |    51 ||   138
  Block: Buckler           |    11 |    20 |     4 ||    35
         Kite shield       |       |       |    85 ||    85

Table legend: (Time is in decaauts)
 A = Elapsed time spent in this place.
 B = Non-inter-level travel time spent in this place.
 C = Inter-level travel time spent in this place.
 D = Time resting spent in this place.
 E = Time spent auto-exploring this place.
 F = Levels seen in this place.
 G = Mean time per level.
                   A        B        C        D        E       F      G
               +--------+--------+--------+--------+--------+-----+--------+
         Total |   5598 |   5456 |    142 |    391 |   3546 |   7 |  799.7 |
       Dungeon |   5591 |   5449 |    142 |    391 |   3546 |   6 |  931.8 |
        Temple |      7 |      7 |      0 |      0 |      0 |   1 |    7.0 |
               +--------+--------+--------+--------+--------+-----+--------+

Top non-repeatable levels by time:
     D:5: 1140 daAuts
     D:6: 1130 daAuts
     D:4: 1083 daAuts
     D:2: 965 daAuts
     D:3: 663 daAuts
     D:1: 608 daAuts
  Temple: 7 daAuts
